 Seeded DCSS version 0.31-a0-219-g8d62b2e7bb (webtiles) character file.

Game seed: 18346887137507914922 (custom seed)

175 innerfire43 the Trooper (level 5, -3/42 HPs)
             Began as a Demonspawn Monk on July 3, 2023.
             Was a Priest of Jiyva.
             Killed by divine providence
             ... invoked by an orc priest
              (14 damage)
             ... on level 3 of the Dungeon.
             The game lasted 00:02:18 (2372 turns).

innerfire43 the Trooper (Demonspawn Monk)           Turns: 2372, Time: 00:02:19

Health: -3/42      AC: 12    Str: 13    XL:     5   Next: 29%
Magic:  5/5        EV: 12    Int: 11    God:    Jiyva [***...]
Gold:   65         SH:  0    Dex: 16    Spells: 4/4 levels left

rFire   . . .        a - +0 hand axe
rCold   + . .        d - orb {light}
rNeg    . . .        k - +2 ring mail "Naukank" {rC+}
rPois   .            (no helmet)
rElec   .            h - +0 cloak
rCorr   +            (no gloves)
SInv    .            (no boots)
Will    .....        (no amulet)
Stlth   +            (no ring)
HPRegen 1.39/turn    (no ring)
MPRegen 0.44/turn

%: no passive effects
@: confused, ambrosia-drunk, glowing
A: icemail 1, condensation shield, translucent skin 3, jelly sensing items
a: Renounce Religion, Oozemancy


You were on level 3 of the Dungeon.
You worshipped Jiyva.
Jiyva was most pleased with you.
You visited 1 branch of the dungeon, and saw 3 of its levels.

You collected 65 gold pieces.

Inventory:

Hand Weapons
 a - a +0 hand axe (weapon)
Armour
 b - a +0 robe
 d - an orb of light (worn)
 h - a +0 cloak (worn)
 k - the +2 ring mail "Naukank" (worn) {rC+}
   (You found it on level 2 of the Dungeon)

   rC:        It protects you from cold.
 q - a +0 pair of gloves
Jewellery
 j - a ring of positive energy
Scrolls
 e - a scroll of torment {unknown}
 m - 2 scrolls of teleportation {unknown}
 n - a scroll of acquirement {unknown}
 o - a scroll of fog {unknown}
 r - a scroll of poison {unknown}
Potions
 f - a potion of resistance {unknown}
 g - a potion of heal wounds {unknown}
 i - a potion of cancellation {unknown}
 l - 3 potions of curing {unknown}
 p - a potion of haste {unknown}


   Skills:
 + Level 4.3 Fighting
 + Level 3.8 Axes
 + Level 3.8 Dodging


You had 4 spell levels left.
You didn't know any spells.
Your spell library contained the following spells:

 Spells                   Type           Power      Damage    Failure   Level
 Ozocubu's Armour         Ice            0%         N/A       93%         3
 Ozocubu's Refrigeration  Ice            0%         4d7       100%        7
 Borgnjor's Revivificati  Necr           0%         N/A       100%        8
 Necromutation            Tmut/Necr      0%         N/A       100%        8
 Death's Door             Necr           0%         N/A       100%        9


Dungeon Overview and Level Annotations

Branches:
Dungeon (3/15)

Altars:
Jiyva


Innate Abilities, Weirdness & Mutations

A meltable icy envelope protects you from harm. (AC +4)
A meltable shield of frost defends you. (SH +4)
Your transparent skin significantly reduces your foes' accuracy. (Stealth+)
You have a small jelly attached to you that senses nearby items.


Message History

There are monsters nearby!
The orc priest shouts!
You hear a shout!
An orc comes into view. It is wielding a +0 hand axe.
There are monsters nearby!
The adder hisses angrily.
The orc misses you.
The orc priest mumbles some strange prayers to Beogh against you.
Beogh smites you!
There are monsters nearby!
You hit the orc but do no damage. The orc closely misses you.
There are monsters nearby!
You hit the orc.
The orc is moderately wounded.
You barely miss the orc. The orc barely misses you.
The orc completely misses you.
There are monsters nearby!
You hit the orc but do no damage.
The orc is moderately wounded.
You hit the orc but do no damage. The orc closely misses you. x2
The orc priest mumbles some strange prayers to Beogh against you.
Beogh smites you!
Unknown command.
There are monsters nearby!
You are too injured to fight recklessly!
Unknown command.
You are too injured to fight recklessly!
Unknown command.
You hit the orc but do no damage.
The orc is moderately wounded.
You hit the orc but do no damage. You hit the adder.
The orc hits you but does no damage. x2; The adder completely misses you.
The orc priest mumbles some strange prayers to Beogh against you.
Beogh smites you!
* * * LOW HITPOINT WARNING * * *
You are confused.
You feel invigorated. The adder barely misses you.
The orc hits you but does no damage. The orc barely misses you.
The orc priest mumbles some strange prayers to Beogh against you.
Beogh smites you!
You die...

... #.# #.# #### #.###
###..## ####....
##.....## .....#
##.......##
.#...####.......@o#
........'.......So'o....
.#...####........o#.....
.##.## ##.......## #.#.
.#### ##.....## ... .#
##...## #. .. ##'## . #.
..# . .


You could see an orc priest, an adder and 3 orcs.

Vanquished Creatures
  A black bear (D:3)
  4 adders
  2 dart slugs
  3 bats
  3 endoplasms
  A giant cockroach (D:2)
  3 goblins
  2 hobgoblins
  6 jackals
  6 kobolds
  4 quokkas
  5 ball pythons
  2 frilled lizards
  6 rats
48 creatures vanquished.

Vanquished Creatures (others)
  A kobold (D:3)
1 creature vanquished.

Grand Total: 49 creatures vanquished

Notes
Turn   | Place    | Note
-------+----------+-------------------------------------------
     0 | D:1      | innerfire43 the Demonspawn Monk began the quest for the
                  | Orb.
     0 | D:1      | Reached XP level 1. HP: 18/18 MP: 1/1
   176 | D:1      | Gained mutation: A meltable shield of frost defends you.
                  | (SH +4) [demonic ancestry]
   176 | D:1      | Reached XP level 2. HP: 20/24 MP: 2/2
   976 | D:2      | Gained mutation: A meltable icy envelope protects you from
                  | harm. (AC +4) [demonic ancestry]
   976 | D:2      | Reached XP level 3. HP: 25/29 MP: 3/3
   995 | D:2      | Identified the +2 ring mail "Naukank" {rC+}
  1486 | D:2      | Found a faded altar of an unknown god.
  1651 | D:2      | Prayed at the altar of an unknown god.
  1651 | D:2      | Became a worshipper of Jiyva Jogabyja the Shapeless
  1651 | D:2      | Reached * piety under Jiyva
  1651 | D:2      | Reached ** piety under Jiyva
  1779 | D:2      | Reached *** piety under Jiyva
  1957 | D:3      | Gained mutation: You have a small jelly attached to you
                  | that senses nearby items. [Jiyva's grace]
  1957 | D:3      | Gained mutation: Your translucent skin slightly reduces
                  | your foes' accuracy. (Stealth+) [Jiyva's grace]
  1957 | D:3      | Gained mutation: Your translucent skin reduces your foes'
                  | accuracy. (Stealth+) [Jiyva's grace]
  1957 | D:3      | Gained mutation: Your transparent skin significantly
                  | reduces your foes' accuracy. (Stealth+) [Jiyva's grace]
  2111 | D:3      | Noticed a black bear
  2126 | D:3      | Killed a black bear
  2127 | D:3      | Reached skill level 4 in Fighting
  2127 | D:3      | Reached XP level 4. HP: 34/37 MP: 4/4
  2127 | D:3      | Reached XP level 5. HP: 39/42 MP: 5/5
  2372 | D:3      | Killed from afar by an orc priest

Illustrated notes

Levels and vault maps discovered:
D:1:      heliophobic_arrival_ceremonial_halls, layout_basic
D:2:      layout_basic, shapermc_ecumenical_altar_mp_highgroup,
          grunt_ministairs_10, minivault_5, chequers_decorated_corner
D:3:      layout_loops_corners, serial_glass, glass_columns_a, glass_columns_c,
          glass_columns_c, glass_columns_b, gammafunk_ghost_necromancy,
          dk_vineyard_1, kennysheep_cross_room, grunt_decor_clamped

Skill      XL: |  1  2  3 |
---------------+----------+-----
Axes           | 3 |  3.8
Dodging        | 3 |  3.8
Fighting       | 4 |  4.3

Action                     |  1- 3 |  4- 6 || total
---------------------------+-------+-------++-------
  Melee: Hand axe          |   113 |    23 ||   136
    Use: Potion            |       |     1 ||     1
 Armour: Robe              |    14 |       ||    14
         Ring mail         |    27 |     8 ||    35
  Dodge: Dodged            |    94 |    19 ||   113
  Block: Orb               |    21 |     5 ||    26

Table legend: (Time is in decaauts)
 A = Elapsed time spent in this place.
 B = Non-inter-level travel time spent in this place.
 C = Inter-level travel time spent in this place.
 D = Time resting spent in this place.
 E = Time spent auto-exploring this place.
 F = Levels seen in this place.
 G = Mean time per level.
                   A        B        C        D        E       F      G
               +--------+--------+--------+--------+--------+-----+--------+
         Total |   2390 |   2182 |    208 |      0 |   1861 |   3 |  796.7 |
       Dungeon |   2390 |   2182 |    208 |      0 |   1861 |   3 |  796.7 |
               +--------+--------+--------+--------+--------+-----+--------+

Top non-repeatable levels by time:
     D:2: 978 daAuts
     D:1: 970 daAuts
     D:3: 441 daAuts
